 Dungeon Crawl Stone Soup version 0.19.1 (webtiles) character file.

75 Drake the Slasher (level 4, -1/35 HPs)
             Began as a Formicid Gladiator on May 22, 2017.
             Slain by centipede's ghost (2 damage)
             ... on level 3 of the Dungeon.
             The game lasted 00:07:36 (1667 turns).

Drake the Slasher (Formicid Gladiator)              Turns: 1667, Time: 00:07:36

Health: -1/35      AC:  4    Str: 18 (20) XL:     4   Next: 55%
Magic:  4/4        EV: 11    Int: 11 (13) God:
Gold:   110        SH:  3    Dex:  8 (11) Spells: 0 memorised, 3 levels left

rFire  . . .     SeeInvis +     a - +0 long sword
rCold  . . .     Gourm    .     b - +0 leather armour
rNeg   . . .     Faith    .     (no shield)
rPois  .         Spirit   .     (helmet unavailable)
rElec  .         Reflect  +     (no cloak)
rCorr  .         Harm     .     k - +0 pair of gloves
MR     .....                    (no boots)
Stlth  +.........               i - +3 amulet of reflection
                                (no ring)
                                (no ring)

@: brilliant, heavily drained
A: permanent stasis, dig shafts and tunnels, four strong arms, antennae 3
a: Dig, Shaft Self


You were on level 3 of the Dungeon.
You were not hungry.

You visited 1 branch of the dungeon, and saw 3 of its levels.

You collected 110 gold pieces.

Inventory:

Hand Weapons
 a - a +0 long sword (weapon)
Armour
 b - a +0 leather armour (worn)
 k - a +0 pair of gloves (worn)
Jewellery
 i - a +3 amulet of reflection (around neck)
Scrolls
 e - 3 scrolls of identify
 g - a scroll of teleportation {unknown}
 l - a scroll of noise {unknown}
Potions
 f - 3 potions of brilliance
Comestibles
 d - 2 bread rations


   Skills:
 + Level 3.1(1.4) Fighting
 * Level 4.0(2.3) Long Blades
 - Level 2.0(0.3) Throwing
 - Level 2.6(1.0) Dodging
 + Level 2.2(0.5) Stealth


You had 3 spell levels left.
You didn't know any spells.

Dungeon Overview and Level Annotations

Branches:
Dungeon (3/15)

Altars:

Annotations:
D:3 Grinder; Terence; centipede's ghost, amateur DsWz


Innate Abilities, Weirdness & Mutations

You are under a permanent stasis effect.
You can dig through walls and to a lower floor.
Your four strong arms can wield two-handed weapons with a shield.
You have a pair of large antennae on your head. (SInv)


Message History

You slash centipede's ghost!
Centipede's ghost is heavily damaged.
Centipede's ghost hits you.
You feel drained. The iron imp hits you!
You barely miss centipede's ghost.
Centipede's ghost is heavily damaged.
Centipede's ghost barely misses you. Centipede's ghost hits you.
You feel drained. The iron imp completely misses you.
You slash centipede's ghost!
Centipede's ghost is severely damaged.
Grinder blinks!
Terence screams, "I want your blood!"
Centipede's ghost casts a spell.
The iron imp hits you!
* * * LOW HITPOINT WARNING * * *
You miss centipede's ghost.
Centipede's ghost is heavily damaged.
Centipede's ghost hits you.
* * * LOW HITPOINT WARNING * * *
You feel drained.
You die...

.#...........'....
....#.##.......####
#.#)#...####......#
#.#.#...####.####.#
#W#.#........##.#.#
#.#.#....##.....#.#
#{#......##..##.#.#
#.######5###........#
#.#
...(....@W@5....###.#
#.#
........######.#....#
#.#
........######.#.####
#.##
...!..{.#......#.#
#...
....@...##.#####.#
####
........##.#.....#
...!..<.##.#.#####
........##<#.#
........##.#.#


You could see Terence, 2 iron imps and centipede's ghost.

Vanquished Creatures
  3 adders
  An ooze (D:1)
  A dart slug (D:1)
  A leopard gecko (D:2)
  5 bats
  3 giant cockroaches
  4 goblins
  7 hobgoblins
  5 kobolds
  2 quokkas (D:3)
  A ball python (D:2)
  6 frilled lizards
  2 rats (D:1)
41 creatures vanquished.

Notes
Turn   | Place    | Note
-------+----------+-------------------------------------------
     0 | D:1      | Drake the Formicid Gladiator began the quest for the Orb.
     0 | D:1      | Reached XP level 1. HP: 16/16 MP: 1/1
    63 | D:1      | Reached skill level 1 in Stealth
    65 | D:1      | Reached XP level 2. HP: 17/23 MP: 2/2
   281 | D:1      | Reached XP level 3. HP: 24/28 MP: 3/3
  1101 | D:2      | Reached XP level 4. HP: 30/34 MP: 4/4
  1310 | D:2      | Reached skill level 4 in Long Blades
  1644 | D:3      | Noticed Grinder
  1645 | D:3      | Noticed Terence
  1645 | D:3      | Noticed centipede's ghost (amateur DsWz)
  1667 | D:3      | HP: 1/35 [centipede's ghost (4)]
  1667 | D:3      | Slain by centipede's ghost

Skill      XL: |  1  2  3  4 |
---------------+-------------+-----
Stealth        | 1 2 |  2.2
Fighting       | 3 |  3.1
Long Blades    | 4 |  4.0
Throwing       | |  2.0
Dodging        | |  2.6

Action                   |  1- 3 |  4- 6 || total
-------------------------+-------+-------++-------
Melee: Long sword        |    73 |    32 ||   105
Throw: Throwing net      |       |     3 ||     3
  Use: Scroll            |     1 |       ||     1
       Potion            |       |     3 ||     3
 Stab: Sleeping          |     1 |       ||     1
  Eat: Bread ration      |       |     1 ||     1
Armor: Leather armour    |    22 |     6 ||    28
Dodge: Dodged            |    55 |    25 ||    80
Block: Other             |     3 |     7 ||    10
       Rpst.: Long sword |    18 |     6 ||    24
